 Dungeon Crawl Stone Soup version 0.29-a0-477-g62b78b4225 (webtiles) character file.

Game seed: 8489916860869821107

895 Morbidden the Ogre Mage (level 8, -17/75 HPs)
             Began as an Ogre Venom Mage on May 25, 2022.
             Was a Believer of Cheibriados.
             Killed by an exploding troll (20 damage)
             ... ignited by their inner flame
             ... on level 5 of the Dungeon.
             The game lasted 00:10:04 (7619 turns).

Morbidden the Ogre Mage (Ogre Venom Mage)           Turns: 7619, Time: 00:10:05

Health: -17/75     AC: 10    Str: 14 (17) XL:     8   Next: 6%
Magic:  14/24      EV: 10    Int: 21 (22) God:    Cheibriados [**....]
Gold:   195        SH:  0    Dex: 12 (13) Spells: 7/17 levels left

rFire   . . .      SeeInvis .   a - +4 dagger (venom)
rCold   . . .      Faith    .   (no shield)
rNeg    . . .      Spirit   .   w - +0 robe
rPois   .          Reflect  .   (helmet restricted)
rElec   .          Harm     .   y - +2 cloak
rCorr   .          Rampage  .   (gloves unavailable)
Will    .....                   (boots unavailable)
Stlth   ++........              (no amulet)
HPRegen 0.22/turn               f - ring of magical power
MPRegen 0.19/turn               k - +4 ring of protection

@: very slow
A: large, unfitting armour, tough skin 1
a: Renounce Religion, Bend Time


You were on level 5 of the Dungeon.
You worshipped Cheibriados.
Cheibriados was pleased with you.
You visited 1 branch of the dungeon, and saw 5 of its levels.

You collected 195 gold pieces.

Inventory:

Hand Weapons
 a - a +4 dagger of venom (weapon)
Missiles
 q - 2 throwing nets
 s - 2 boomerangs
 v - 5 large rocks
Armour
 w - a +0 robe (worn)
 y - a +2 cloak (worn)
Jewellery
 f - a ring of magical power (left hand)
 k - a +4 ring of protection (right hand)
 m - a +4 ring of evasion
 x - a ring of see invisible
Wands
 l - a wand of iceblast (9)
Scrolls
 c - 2 scrolls of vulnerability
 h - 3 scrolls of identify
 j - a scroll of poison {unknown}
 n - a scroll of fear {unknown}
 o - a scroll of teleportation {unknown}
 p - a scroll of fog
 t - 2 scrolls of enchant armour
 u - a scroll of amnesia
Potions
 d - a potion of degeneration
 g - a potion of brilliance
 i - a potion of flight {unknown}
 r - 2 potions of invisibility
 z - 2 potions of haste


   Skills:
 * Level 3.2 Fighting
 + Level 0.2 Short Blades
 * Level 3.0 Dodging
 + Level 2.1 Stealth
 * Level 2.2 Unarmed Combat
 * Level 5.3 Spellcasting
 * Level 2.5 Transmutations
 * Level 1.9 Air Magic
 * Level 4.3 Poison Magic
 * Level 1.2 Evocations


You had 7 spell levels left.
You knew the following spells:

 Your Spells              Type           Power      Damage    Failure   Level
a - Sting                 Tmut/Pois      80%        1d7       2%          1
b - Poisonous Vapours     Pois/Air       36%        N/A       4%          2
c - Olgreb's Toxic Radia  Pois           23%        N/A       17%         4
z - Spider Form           Tmut/Pois      20%        N/A       8%          3

Your spell library contained the following spells:

 Spells                   Type           Power      Damage    Failure   Level
 Beastly Appendage        Tmut           32%        N/A       3%          1
 Wereblood                Tmut           16%        N/A       5%          2
 Summon Small Mammal      Summ           20%        N/A       11%         1
 Mephitic Cloud           Conj/Pois/Air  14%        N/A       13%         3
 Call Canine Familiar     Summ           5%         N/A       32%         3
 Gell's Gravitas          Tloc           5%         N/A       32%         3
 Inner Flame              Hex/Fire       5%         N/A       32%         3
 Lesser Beckoning         Tloc           5%         N/A       32%         3
 Summon Guardian Golem    Hex/Summ       5%         N/A       32%         3
 Teleport Other           Tloc           5%         N/A       32%         3
 Corpse Rot               Necr/Pois/Air  14%        N/A       41%         4
 Animate Dead             Necr           5%         N/A       71%         4
 Haunt                    Necr/Summ      2%         N/A       100%        7
 Ignition                 Fire           2%         3d3       100%        8
 Infestation              Necr           2%         N/A       100%        8


Dungeon Overview and Level Annotations

Branches:
Dungeon (5/15)             Temple (0/1) D:5

Altars:
Cheibriados
Kikubaaqudgha
Trog
Uskayaw


Innate Abilities, Weirdness & Mutations

You are too large for most types of armour.
You have tough skin. (AC +1)


Message History

You feel very sick.
The scorpion stings you but does no damage.
The troll bites you!
* * * LOW HITPOINT WARNING * * *
The troll claws you.
* * * LOW HITPOINT WARNING * * *
The troll claws you!
* * * LOW HITPOINT WARNING * * *
Unknown command.
Unknown command.
You feel better. The scorpion closely misses you. The troll bites you!
* * * LOW HITPOINT WARNING * * *
The troll claws you.
* * * LOW HITPOINT WARNING * * *
The troll barely misses you.
Unknown command.
Unknown command.
Unknown command.
Unknown command.
Unknown command.
Okay, then.
Unknown command.
Okay, then.
Okay, then.
Unknown command.
Unknown command.
Unknown command.
Unknown command.
Unknown command.
Okay, then.
As you read the scroll labelled CISHRI EZOUM, it crumbles to dust.
The creatures around you are filled with an inner flame!
It was a scroll of immolation.
Cheibriados appreciates the change of pace.
The troll explodes!
The fiery explosion engulfs the scorpion!!
Cheibriados appreciates the change of pace.
Cheibriados raises the support of your attributes as your movement slows.
The fiery explosion engulfs you!!
You die...

.........# #.# ###. .#.#.)÷.##
...... #.#.###... .....#### .....
#.#....... ...#.#
#.#.#####.#####... .....#
#..............##. ...#.#
#...#####.####.##. .....# #§§.#
#.## #.### ...#.# #.§.# #..#
#.### .....# #@..# ###.# #.#..
.#.#.# ##...# ##.#.###.#..
.....##########....###.#......#..
.#................#.>.###........
...############.#.#..## ##......#
#..# #.#.#...###...#.### #..# #
#####.#.#....#....#.# ...#
#.........><..........# #.##
###.####.#............###


There were no monsters in sight!

Vanquished Creatures
  A troll (D:5)
  A water moccasin (D:5)
  Duvessa (D:5)
  A black bear (D:5)
  A necrophage (D:4)
  3 scorpions
  Dowan (D:5)
  2 hounds (D:4)
  Jessica (D:3)
  An iguana (D:5)
  7 gnolls (D:4)
  4 adders
  A shadow imp (D:3)
  A white imp (D:5)
  4 worms (D:4)
  A dart slug (D:1)
  19 orcs
  4 ball pythons
  9 endoplasms
  7 giant cockroaches
  9 hobgoblins
  7 jackals (D:4)
  13 kobolds
  6 quokkas
  4 bats
  3 frilled lizards
  8 goblins
  4 rats
124 creatures vanquished.

Vanquished Creatures (others)
  8 plants
8 creatures vanquished.

Grand Total: 132 creatures vanquished

Notes
Turn   | Place    | Note
-------+----------+-------------------------------------------
     0 | D:1      | Morbidden the Ogre Venom Mage began the quest for the Orb.
     0 | D:1      | Reached XP level 1. HP: 16/16 MP: 3/3
   204 | D:1      | Reached skill level 1 in Transmutations
   213 | D:1      | Reached XP level 2. HP: 11/24 MP: 0/5
   942 | D:1      | Learned a level 2 spell: Poisonous Vapours
  1154 | D:1      | Reached XP level 3. HP: 31/31 MP: 4/7
  1501 | D:2      | Reached skill level 3 in Spellcasting
  2088 | D:2      | Found a faded altar of an unknown god.
  2231 | D:2      | Reached skill level 1 in Fighting
  2231 | D:2      | Reached XP level 4. HP: 41/41 MP: 2/8
  2471 | D:2      | Got Wuetaet's Reference Book on Noxious Heat
  2839 | D:3      | Noticed Jessica
  2845 | D:3      | Killed Jessica
  2917 | D:3      | Reached skill level 1 in Unarmed Combat
  3620 | D:3      | Found a bloodstained altar of Trog.
  3630 | D:3      | Learned a level 3 spell: Spider Form
  4056 | D:4      | Reached XP level 5. HP: 48/48 MP: 10/10
  4128 | D:4      | Reached skill level 1 in Air Magic
  4153 | D:4      | Reached XP level 6. HP: 26/57 MP: 8/11
  4356 | D:4      | Found an ancient bone altar of Kikubaaqudgha.
  4392 | D:4      | Reached skill level 4 in Spellcasting
  4887 | D:4      | Learned a level 4 spell: Olgreb's Toxic Radiance
  4941 | D:4      | Found a snail-covered altar of Cheibriados.
  4956 | D:4      | Became a worshipper of Cheibriados the Contemplative
  5845 | D:4      | Reached * piety under Cheibriados
  6159 | D:4      | Reached XP level 7. HP: 66/66 MP: 13/13
  6572 | D:5      | Entered Level 5 of the Dungeon
  6697 | D:5      | Noticed Duvessa
  6699 | D:5      | Noticed Dowan
  6711 | D:5      | Killed Duvessa
  6720 | D:5      | Killed Dowan
  6983 | D:5      | Found a staircase to the Ecumenical Temple.
  7008 | D:5      | Reached skill level 5 in Spellcasting
  7008 | D:5      | Reached skill level 1 in Evocations
  7378 | D:5      | Found a hide-covered altar of Uskayaw.
  7478 | D:5      | Reached XP level 8. HP: 75/75 MP: 15/15
  7601 | D:5      | Noticed a troll
  7617 | D:5      | HP: 3/75 [troll (10)]
  7619 | D:5      | Killed a troll
  7619 | D:5      | Reached ** piety under Cheibriados
  7619 | D:5      | Killed by an exploding troll... ignited by their inner
                  | flame

Illustrated notes

Levels and vault maps discovered:
D:1:      minmay_arrival_split_and_join, layout_rooms, minmay_door_square,
          minmay_misc_feat_rugged, serial_bayou_pond_d
D:2:      layout_basic, ebering_ecumenical_altar_petrified
D:3:      layout_basic, trog_butcher_becter, serial_forest,
          infiniplex_forest_corner_2, infiniplex_forest_straight_3,
          infiniplex_forest_3_way, infiniplex_forest_clump_long,
          infiniplex_forest_lined_corner, infiniplex_forest_lined_corner,
          infiniplex_forest_lined_4_way, infiniplex_forest_lined_3, uniq_jessica
D:4:      corexii_shantytown, layout_basic, nicolae_overflow_crystal_walls,
          slow_altar_1
D:5:      layout_loops_ring, eat_drink_and_be_merry_uskayaw,
          minmay_temple_entry_glass, uniq_duvessa

Skill      XL: |  1  2  3  4  5  6  7 |
---------------+----------------------+-----
Transmutations | 1 2 |  2.5
Dodging        | 2 3 |  3.0
Poison Magic   | 3 4 |  4.3
Spellcasting   | 3 4 5 |  5.3
Fighting       | 1 2 3 |  3.2
Unarmed Combat | 1 2 |  2.2
Air Magic      | 1 |  1.9
Stealth        | 2 |  2.1
Evocations     | 1 |  1.2
Short Blades   | |  0.2

Action                   |  1- 3 |  4- 6 |  7- 9 || total
-------------------------+-------+-------+-------++-------
Melee: Unarmed           |    36 |   100 |    37 ||   173
       Dagger            |       |    13 |    32 ||    45
       Punch             |       |     2 |     1 ||     3
 Cast: Sting             |    54 |   116 |    11 ||   181
       Poisonous Vapours |     5 |    42 |    15 ||    62
       Spider Form       |       |     4 |     4 ||     8
       Olgreb's Toxic Ra |       |       |     3 ||     3
  Use: Potion            |       |       |     8 ||     8
       Scroll            |       |       |     5 ||     5
 Stab: Sleeping          |       |       |     2 ||     2
       Invisible         |       |       |     1 ||     1
Armor: Robe              |    13 |    50 |    15 ||    78
       Skin              |       |     6 |     9 ||    15
Dodge: Dodged            |    31 |   119 |    71 ||   221

Table legend: (Time is in decaauts)
 A = Elapsed time spent in this place.
 B = Non-inter-level travel time spent in this place.
 C = Inter-level travel time spent in this place.
 D = Time resting spent in this place.
 E = Time spent auto-exploring this place.
 F = Levels seen in this place.
 G = Mean time per level.
                   A        B        C        D        E       F      G
               +--------+--------+--------+--------+--------+-----+--------+
         Total |   7884 |   7779 |    105 |   1343 |   5488 |   5 | 1576.8 |
       Dungeon |   7884 |   7779 |    105 |   1343 |   5488 |   5 | 1576.8 |
               +--------+--------+--------+--------+--------+-----+--------+

Top non-repeatable levels by time:
     D:4: 2705 daAuts
     D:3: 1546 daAuts
     D:1: 1436 daAuts
     D:5: 1130 daAuts
     D:2: 1064 daAuts
